 Dungeon Crawl Stone Soup version 0.22.1-1-ga44c0e56f4 (webtiles) character file.

1009998 KleinerIrrer the Axe Maniac (level 27, -9/209 HPs)
             Began as a Formicid Fighter on Oct 14, 2018.
             Was the Champion of the Shining One.
             Killed from afar by a Hell Sentinel (37 damage)
             ... with damnation
             ... on level 7 of the Iron City of Dis on Oct 18, 2018.
             The game lasted 07:22:27 (113286 turns).

KleinerIrrer the Axe Maniac (Formicid Fighter)    Turns: 113286, Time: 07:22:27

Health: -9/209     AC: 51    Str: 19    XL:     27
Magic:  32/33      EV: 10    Int: 19    God:    the Shining One [******]
Gold:   6589       SH: 36    Dex: 11    Spells: 28/46 levels left

rFire    + + +     SeeInvis +   Q - +9 executioner's axe (holy)
rCold    + + +     Gourm    .   x - +8 large shield {AC+3}
rNeg     + + +     Faith    .   u - +9 scales of the Dragon King {rPois rF+ rC+ MR+}
rPois    +         Spirit   .   (helmet unavailable)
rElec    +         Reflect  +   z - scarf {rC+ rF+}
rCorr    +         Harm     .   P - +1 pair of gloves of Mirth {rPois MR+ rCorr Str-3}
MR       +++++     Clarity  +   w - +2 pair of boots "Ubudd" {*Contam rElec rCorr Int+6}
Stlth    ..........             T - +3 amulet of reflection
HPRegen  0.44/turn              D - ring of protection from cold
MPRegen  0.23/turn              L - ring of Waff {rF+++ AC+3 Int-3 Dex+3 SInv}

@: singing, glowing
A: permanent stasis, dig shafts and tunnels, four strong arms, antennae 3, claws
1, fangs 1, talons 1, iridescent scales 1, blurry vision 1, clarity, clumsy 1,
frail 1, low mp 1, magic resistance 1, weak 2, subdued magic 1, MP-powered wands
}: 6/15 runes: decaying, slimy, silver, icy, bone, gossamer
a: Dig, Shaft Self, Divine Shield, Cleansing Flame, Summon Divine Warrior,
Renounce Religion


You were on level 7 of the Iron City of Dis.
You worshipped the Shining One.
The Shining One was exalted by your worship.
You were not hungry.

You visited 16 branches of the dungeon, and saw 78 of its levels.
You visited the Abyss 2 times.
You visited 2 bazaars.

You collected 9919 gold pieces.
You spent 3330 gold pieces at shops.

Inventory:

Hand Weapons
 o - a +2 triple crossbow of flaming
 Q - a +9 executioner's axe of holy wrath (weapon)
 R - the +8 Wrath of Trog {antimagic, *Rage}
   (You took it off a deep elf mage on level 1 of the Elven Halls)

   It reduces the magical energy of the wielder, and disrupts the spells and
   magical abilities of those hit.
   Natural abilities and divine invocations are not affected.
   It may make you go berserk in combat.
 Y - the +7 executioner's axe of the Living Dead {freeze, Int+4 Dex+5}
   (Okawaru gifted it to you on level 2 of the Swamp)

   It has been specially enchanted to freeze those struck by it, causing extra
   injury to most foes and up to half again as much damage against particularly
   susceptible opponents.
   It can also slow down cold-blooded creatures.
   It affects your intelligence (+4).
   It affects your dexterity (+5).
Missiles
 i - 1564 bolts
Armour
 u - the +9 scales of the Dragon King (worn) {rPois rF+ rC+ MR+}
   (You found it on level 4 of the Lair of Beasts)

   It protects you from fire.
   It protects you from cold.
   It protects you from poison.
   It affects your resistance to hostile enchantments.
 w - the +2 pair of boots "Ubudd" (worn) {*Contam rElec rCorr Int+6}
   (Okawaru gifted it to you on level 3 of the Elven Halls)

   It affects your intelligence (+6).
   It insulates you from electricity.
   It causes magical contamination when unequipped.
   It provides partial protection from all sources of acid and corrosion.
 x - a +8 large shield of protection (worn)
 z - a scarf of resistance (worn)
 E - a +1 pair of gloves of strength
 P - the +1 pair of gloves of Mirth (worn) {rPois MR+ rCorr Str-3}
   (You bought it in a shop on level 2 of the Orcish Mines)

   It affects your strength (-3).
   It protects you from poison.
   It affects your resistance to hostile enchantments.
   It provides partial protection from all sources of acid and corrosion.
Jewellery
 D - a ring of protection from cold (left hand)
 L - the ring of Waff (right hand) {rF+++ AC+3 Int-3 Dex+3 SInv}
   (You found it on level 5 of the Depths)

   [ring of protection]

   It affects your AC (+3).
   It affects your intelligence (-3).
   It affects your dexterity (+3).
   It renders you almost immune to fire.
   It lets you see invisible.
 T - a +3 amulet of reflection (around neck)
Wands
 s - a wand of acid (24)
 v - a wand of disintegration (10)
 O - a wand of iceblast (28)
Scrolls
 b - 6 scrolls of fear
 k - 18 scrolls of remove curse
 G - 6 scrolls of silence
 M - 11 scrolls of identify
 V - 4 scrolls of magic mapping
 W - a scroll of summoning
 X - 8 scrolls of fog
 Z - 3 scrolls of holy word
Potions
 d - 7 potions of flight
 e - 9 potions of cancellation
 j - a potion of ambrosia
 m - 10 potions of agility
 q - 8 potions of brilliance
 B - 23 potions of curing
 C - 12 potions of magic
 K - 7 potions of might
 N - 5 potions of resistance
Miscellaneous
 F - 4 phantom mirrors
Comestibles
 a - 7 chunks of flesh
 f - 55 rations


   Skills:
 + Level 22.6 Fighting
   Level 1.0 Long Blades
 O Level 27 Axes
 - Level 26.0 Crossbows
 * Level 26.7 Armour
 - Level 11.0 Dodging
 O Level 27 Shields
 - Level 10.0 Spellcasting
 - Level 19.0 Hexes
 - Level 12.8 Charms
 - Level 11.4 Translocations
 - Level 12.0 Air Magic
 - Level 14.9 Invocations
 - Level 2.5 Evocations


You had 28 spell levels left.
You knew the following spells:

 Your Spells              Type           Power        Failure   Level  Hunger
a - Song of Slaying       Chrm           #####...     1%          2    None
b - Swiftness             Chrm/Air       #####...     1%          2    None
c - Portal Projectile     Hex/Tloc       ######       1%          3    None
d - Silence               Hex/Air        ######....   3%          5    #####..
e - Darkness              Hex            ######....   4%          6    ######.

Your spell library contained the following spells:

 Spells                   Type           Power        Failure   Level  Hunger
 Apportation              Tloc           #####.       1%          1    None
 Confusing Touch          Hex            ######       1%          1    None
 Infusion                 Chrm           ####         1%          1    None
 Shroud of Golubria       Chrm/Tloc      #####.....   1%          2    None
 Slow                     Hex            ######..     1%          2    None
 Confuse                  Hex            ######..     1%          3    None
 Gell's Gravitas          Tloc           #####.....   1%          3    None
 Lesser Beckoning         Tloc           #####.....   1%          3    None
 Spectral Weapon          Hex/Chrm       ######..     1%          3    None
 Tukima's Dance           Hex            ######..     1%          3    None
 Cause Fear               Hex            ######....   1%          4    ##.....
 Inner Flame              Hex/Fire       #####...     4%          3    None
 Summon Guardian Golem    Hex/Summ       #####...     4%          3    None
 Invisibility             Hex            ######..     4%          6    ######.
 Airstrike                Air            #####.....   5%          4    ##.....
 Shock                    Conj/Air       ###.         6%          1    None
 Poisonous Vapours        Pois/Air       ###...       10%         2    None
 Regeneration             Chrm/Necr      ####......   17%         3    None
 Static Discharge         Conj/Air       ###.....     21%         3    None
 Recall                   Summ/Tloc      N/A          22%         3    None
 Metabolic Englaciation   Hex/Ice        #####.....   41%         5    #####..
 Yara's Violent Unravell  Hex/Tmut       #####.....   41%         5    #####..
 Mephitic Cloud           Conj/Pois/Air  ###.....     43%         3    None
 Summon Lightning Spire   Summ/Air       ###.....     56%         4    ##.....
 Deflect Missiles         Chrm/Air       #####.....   61%         6    ######.
 Animate Skeleton         Necr           N/A          63%         1    None
 Beastly Appendage        Tmut           #.....       63%         1    None
 Flame Tongue             Conj/Fire      #....        63%         1    None
 Magic Dart               Conj           #...         63%         1    None
 Summon Butterflies       Summ           #.......     63%         1    None
 Summon Small Mammal      Summ           #...         63%         1    None
 Call Imp                 Summ           #.......     77%         2    None
 Sticks to Snakes         Tmut           #.......     77%         2    None
 Throw Flame              Conj/Fire      #.....       77%         2    None
 Throw Frost              Conj/Ice       #.....       77%         2    None
 Excruciating Wounds      Chrm/Necr      ####......   86%         5    #####..
 Iskenderun's Battlesphe  Conj/Chrm      ####....     86%         5    #####..
 Lightning Bolt           Conj/Air       ###.......   89%         5    #####..
 Discord                  Hex            ######....   92%         8    #######
 Call Canine Familiar     Summ           #.......     94%         3    None
 Conjure Flame            Conj/Fire      #.......     94%         3    None
 Ignite Poison            Fire/Tmut/Pois #.......     94%         3    None
 Spider Form              Tmut/Pois      #.........   94%         3    None
 Animate Dead             Necr           N/A          100%        4    ##.....
 Ice Form                 Ice/Tmut       #.......     100%        4    ##.....
 Petrify                  Tmut/Erth      #.......     100%        4    ##.....
 Sticky Flame             Conj/Fire      #.......     100%        4    ##.....
 Agony                    Necr           #.......     100%        5    #####..
 Alistair's Intoxication  Tmut/Pois      #.......     100%        5    #####..
 Blade Hands              Tmut           #.........   100%        5    #####..
 Bolt of Magma            Conj/Fire/Erth #.........   100%        5    #####..
 Borgnjor's Vile Clutch   Necr/Erth      #.........   100%        5    #####..
 Fireball                 Conj/Fire      #.........   100%        5    #####..
 Venom Bolt               Conj/Pois      #.........   100%        5    #####..
 Bolt of Cold             Conj/Ice       #.........   100%        6    ######.
 Bolt of Fire             Conj/Fire      #.........   100%        6    ######.
 Conjure Ball Lightning   Conj/Air       ###.......   100%        6    ######.
 Death Channel            Necr           #.........   100%        6    ######.
 Freezing Cloud           Conj/Ice/Air   ###.......   100%        6    ######.
 Iron Shot                Conj/Erth      #.........   100%        6    ######.
 Ozocubu's Refrigeration  Ice            #.........   100%        6    ######.
 Simulacrum               Ice/Necr       #.........   100%        6    ######.
 Orb of Destruction       Conj           #.........   100%        7    #######
 Ring of Flames           Chrm/Fire      ####......   100%        7    #######
 Spellforged Servitor     Conj/Summ      #.........   100%        7    #######
 Summon Hydra             Summ           #.........   100%        7    #######
 Death's Door             Chrm/Necr      ####......   100%        8    #######
 Ignition                 Fire           #.........   100%        8    #######
 Shatter                  Erth           #.........   100%        9    #######
 Tornado                  Air            #####.....   100%        9    #######
 Blink                    Tloc           Unusable     N/A         2    N/A

Dungeon Overview and Level Annotations

Branches:
Dungeon (15/15)            Temple (1/1) D:6            Lair (6/6) D:11
  Swamp (4/4) Lair:4       Spider (4/4) Lair:4        Slime (5/5) Lair:6
    Orc (2/2) D:10            Elf (3/3) Orc:2        Vaults (5/5) D:13
  Crypt (3/3) Vaults:3       Tomb (0/3) Crypt:3      Depths (5/5) D:15
   Hell (1/1)                 Dis (7/7) Hell            Geh (0/7) Hell
    Coc (7/7) Hell            Tar (7/7) Hell            Zot (3/5) Depths:5

Altars:
Ashenzari
Cheibriados
Dithmenos
Elyvilon
Fedhas
Gozag
Hepliaklqana
Kikubaaqudgha
Makhleb
Nemelex Xobeh
Okawaru
Qazlal
Ru
Sif Muna
Trog
Uskayaw
Vehumet
Wu Jian
Xom
Yredelemnul
Zin
The Shining One
Beogh

Shops:
D:6 *%   D:11 [   Orc:2 [}(?%   Elf:2 !*   Vaults:4 ?   Vaults:5 ?   Depths:4 *

Portals:
Hell: Depths:1 Depths:2 Depths:3 Depths:4 Depths:5
Abyss: Depths:1 Depths:4
Pandemonium: Orc:2 Depths:3 Depths:5
Ziggurat: Depths:4

Annotations:
D:13 exclusions: obsidian statue and orange crystal statue
Lair:4 3 runed doors, Gargoyl's ghost, journeyman CeAK
Lair:6 3 runed doors, Americanboy's ghost, journeyman GrEE
Elf:2 exclusion: Roxanne, Roxanne
Zot:1 2 transporters, exclusion: obsidian statue


Innate Abilities, Weirdness & Mutations

You cannot be hasted, slowed, berserked, paralysed or teleported.
You can dig through walls and to a lower floor.
Your four strong arms can wield two-handed weapons with a shield.
You have a pair of large antennae on your head. (SInv)
You have sharp fingernails.
You have very sharp teeth.
You have sharp toenails.
You are partially covered in iridescent scales. (AC +2)
Scrolls take you a little longer to read.
You possess an exceptional clarity of mind.
You are clumsy. (Dex -2)
You are frail. (-10% HP)
Your magical capacity is low. (-10% MP)
You are resistant to hostile enchantments. (MR+)
You are very weak. (Str -4)
Your spells are a little easier to cast, but a little less powerful.
You expend magic power (3 MP) to strengthen your wands.


Message History

The sphere of damnation explodes!
The damnation engulfs you!
* * * LOW HITPOINT WARNING * * *
The damnation engulfs the Hell Sentinel.
The Hell Sentinel completely resists.
The damnation engulfs the Hell Sentinel.
The Hell Sentinel completely resists.
Okay, then.
Okay, then.
Saving game... please wait.
Welcome back, KleinerIrrer the Formicid Fighter.
The Shining One says: Lead the forces of light to victory!
Press ? for a list of commands and other information.
You feel better.
You hear a distant "Zot"!
You block the Hell Sentinel's attack. The Hell Sentinel closely misses you.
You block the Hell Sentinel's attack. x2
You feel better.
You block the Hell Sentinel's attack. x2
The Hell Sentinel gestures at you.
The sphere of damnation explodes!
The damnation engulfs you!
You die...

#.....#*,*,,,,,,,,,, ***********
##...##*,{*****,,,,, ,,,,,,,,,,*
#.....#*+***,,,,,*,, *********,*
##)††##*,**,,,,,,,,, *********,*
#.....#*,*{,,,,,,,,, ++,,,,,++,*
##...##*,**,,,,,,,,, **,,,,,****
#.....#*+***,,,,,*,, ********
##..1##*,{*****,,,,, ********
**##@##**,*,,,,,,,,,,
++,,,,,*****#...1...#****,,,,,***
**,,,,,**...............*,,,,,*,,
*********...............*,,,,,*,,
*********.#..#..#..#..#.*********
,,,,,,,,+.......,.......+,,,,,,,,
*********.......,.......*,,,,,,,,
,,,*,,,,*.#..#..*..#..#.*********
,{,+,,,,*,,,,,,,,,,,,,,,*,,+,,*,,


You could see 2 Hell Sentinels.

Vanquished Creatures
  Antaeus (Coc:7)
  the Royal Jelly (Slime:5)
  4 ancient liches
  2 orbs of fire
  2 juggernauts
  Mennas (Depths:5)
  The ghost of Raummer the Warrior, a veteran DsGl of Ashenzari (Vaults:4)
  23 shard shrikes
  A curse toe (Zot:3)
  The ghost of Hamoih the Slayer, a veteran MiBe of Trog (Crypt:3)
  Xtahua (Vaults:5)
  Geryon (Hell)
  5 golden dragons
  23 bone dragons
  26 doom hounds
  Arachne (Spider:2)
  44 Tzitzimimeh
  4 Brimstone Fiends
  9 iron giants
  Jorgrun (Spider:1)
  A hellephant (Abyss:4)
  Rupert (D:15)
  14 tentacled monstrosities
  7 Hell Sentinels
  18 liches
  23 Ice Fiends
  A shard shrike skeleton (Crypt:1)
  17 titans
  6 deep elf blademasters
  Asterion (Depths:2)
  4 quicksilver dragons
  10 deep elf master archers
  Murray (Hell)
  2 sphinxes
  21 acid blobs
  4 Executioners
  20 ancient champions
  2 death cobs (Zot:3)
  31 shadow dragons
  3 thorn hunters
  18 tentacled starspawn
  8 eldritch tentacles
  5 revenants
  8 storm dragons
  5 tengu reavers
  A nagaraja (Abyss:4)
  A draconian monk (Zot:3)
  14 azure jellies
  5 deep elf sorcerers
  16 fire giants
  12 iron dragons
  10 frost giants
  4 orc warlords
  4 draconian knights
  3 emperor scorpions
  Louise (Swamp:1)
  2 ghost moths (Spider:4)
  3 draconian annihilators
  A draconian shifter (Zot:3)
  4 curse skulls
  6 balrugs
  An angel (Abyss:1)
  9 vault wardens
  3 draconian scorchers
  8 ghouls
  2 entropy weavers
  8 deep elf elementalists
  An ophan (Abyss:1)
  13 war gargoyles
  92 reapers
  9 ironheart preservers
  28 very ugly things
  7 spriggan defenders
  7 elemental wellsprings (Coc:7)
  2 green draconians
  24 stone giants
  5 black draconians
  8 deep elf demonologists
  2 lorocyprocas
  9 spark wasps
  4 red draconians
  14 vampire knights
  2 minotaurs (Vaults:4)
  6 white draconians
  5 purple draconians
  12 deep elf annihilators
  35 large abominations
  10 eidola
  20 blizzard demons
  11 deep elf death magi
  Josephine (D:11)
  A crystal guardian (Vaults:5)
  8 death oozes (Slime:5)
  A green death (Tar:1)
  11 jiangshi
  A spectral golden dragon (Crypt:3)
  8 quicksilver dragon zombies
  13 fire dragons
  11 ettins
  Fannar (D:12)
  3 kraken zombies
  9 deep elf high priests
  12 ogre magi
  5 rakshasas
  30 vault guards
  9 yaktaur captains
  12 great orbs of eyes
  25 hydras
  6 quicksilver dragon skeletons
  4 spriggan air magi
  43 ice dragons
  3 ghost crabs
  A hell beast (Dis:5)
  A merfolk avatar (Lair:6)
  5 tengu warriors
  A catoblepas (Lair:5)
  4 death knights
  5 alligators
  10 centaur warriors
  Erica (D:9)
  8 death yaks
  8 death scarabs (Spider:4)
  9 deep troll shamans
  7 deep troll earth magi
  12 hell hogs
  62 two-headed ogres
  22 thrashing horrors
  31 dancing weapons
  12 titan zombies
  6 orc high priests (Orc:2)
  4 spriggan berserkers
  12 vampire magi
  Sonja (D:12)
  Urug (Lair:2)
  27 soul eaters
  An iron golem (Dis:1)
  31 small abominations
  12 storm dragon zombies
  27 deep elf knights
  11 wretched stars
  4 sun demons
  5 titan skeletons
  The ghost of Atweeke the Thaumaturge, a novice DEFE of Vehumet (D:10)
  2 unseen horrors
  3 sixfirhies
  2 spectral emperor scorpions (Spider:4)
  212 skeletal warriors
  2 torturous demonspawn (Orc:2)
  2 iron trolls (Depths:5)
  24 deep trolls
  39 shadow wraiths
  A spectral ghost moth (Crypt:3)
  A sea snake (shapeshifter) (Elf:3)
  25 anaconda zombies
  A sea snake (Lair:6)
  A spatial maelstrom (Abyss:4)
  11 storm dragon skeletons
  16 swamp dragons
  A glowing orange brain (shapeshifter) (Vaults:5)
  2 quicksilver dragon simulacra
  5 golden dragon zombies
  A swamp dragon (shapeshifter) (Elf:1)
  87 starcursed masses
  9 glowing orange brains
  8 hell knights
  32 shadow demons
  8 wizards
  5 spriggan druids
  18 flayed ghosts
  4 death drakes
  2 gelid demonspawn (Orc:2)
  20 ironbrand convokers
  54 phantasmal warriors
  A sphinx zombie (Vaults:5)
  5 ghost moth zombies
  A deep troll (shapeshifter) (Abyss:4)
  6 harpies
  20 deep elf archers
  6 shadow dragon zombies
  14 orc knights
  2 shambling mangroves
  Pikel (D:7)
  3 golden dragon skeletons
  A harpy (shapeshifter) (Abyss:4)
  2 tengu zombies
  3 spectral wolf spiders (Spider:4)
  13 anaconda skeletons
  6 shining eyes
  8 necromancers
  5 fire giant zombies
  66 deep elf magi
  8 orc sorcerers
  18 orb spiders
  5 shadow dragon skeletons
  9 wolf spider zombies
  12 iron dragon zombies
  20 wolf spiders
  6 cyclopes
  4 oklob plants (Lair:6)
  12 frost giant zombies
  A salamander (shapeshifter) (Vaults:1)
  A wolf spider (shapeshifter) (Elf:3)
  3 worldbinders
  A manticore (Lair:6)
  15 stone giant zombies
  44 ugly things
  12 moths of wrath
  An elephant (shapeshifter) (Vaults:5)
  A moth of wrath (shapeshifter) (Vaults:5)
  10 fire giant skeletons
  7 frost giant skeletons
  15 vault sentinels
  5 guardian serpents
  6 apocalypse crabs
  2 human skeletons
  5 iron dragon skeletons
  A shock serpent zombie (Hell)
  9 dire elephant zombies
  An eye of devastation (Abyss:4)
  An orange demon (Abyss:1)
  2 naga magi (Vaults:2)
  5 elephants (Lair:4)
  5 black mambas
  48 rust devils
  23 smoke demons
  10 stone giant skeletons
  3 ice statues
  A gargoyle (D:10)
  3 emperor scorpion zombies
  23 spiny frogs
  A molten gargoyle (Hell)
  A death yak zombie (Crypt:2)
  A yaktaur zombie (Vaults:4)
  2 catoblepas zombies
  4 shock serpent skeletons
  A storm dragon simulacrum (Tar:5)
  18 hellions
  6 rime drakes
  A redback zombie (Spider:4)
  71 ice devils
  2 efreet
  3 spectral redbacks (Spider:4)
  2 kobold demonologists
  16 red devils
  59 freezing wraiths
  31 yaktaurs
  3 anaconda simulacra
  5 dire elephant skeletons
  A guardian mummy (D:15)
  A red draconian skeleton (Hell)
  A ghost moth simulacrum (Coc:1)
  18 komodo dragons
  14 demonic crawlers
  A golden dragon simulacrum (Tar:5)
  6 polar bears (Lair:6)
  39 jumping spiders
  7 harpy zombies
  A yellow draconian skeleton (Crypt:1)
  13 ancient zymes
  2 hellwings (Abyss:4)
  4 silent spectres
  8 trolls
  A catoblepas skeleton (Tar:3)
  61 tormentors
  A death drake zombie (Crypt:1)
  2 meliai (shapeshifter)
  22 hydra zombies
  A shadow dragon simulacrum (Coc:5)
  Grinder (D:5)
  79 slime creatures
  A spectral jumping spider (Spider:4)
  33 hornets
  A merfolk (shapeshifter) (Depths:4)
  A wolf spider simulacrum (Coc:2)
  5 harpy skeletons
  8 ice dragon zombies
  A hippogriff (shapeshifter) (Depths:5)
  5 spectral tarantellas (Spider:4)
  7 tyrant leeches
  21 bog bodies
  2 stone giant simulacra
  2 wind drakes (Lair:6)
  3 jumping spider zombies (Spider:4)
  33 raiju
  A frost giant simulacrum (Vaults:4)
  28 blink frogs
  A guardian serpent zombie (Crypt:3)
  2 tarantella zombies (Spider:4)
  9 fire dragon zombies
  13 hydra skeletons
  A spectral black mamba (Crypt:3)
  13 alligator zombies
  2 fire giant simulacra
  16 ettin zombies
  5 ice dragon skeletons
  8 hippogriffs
  A black mamba zombie (Dis:3)
  Sigmund (D:3)
  A dire elephant simulacrum (Coc:5)
  11 ettin skeletons
  4 fire dragon skeletons
  2 spriggans (shapeshifter)
  7 ynoxinuls
  218 flying skulls
  17 spriggans
  41 shadows
  7 wyverns
  43 wraiths
  7 alligator skeletons
  3 vampires
  25 tarantellas
  19 water elementals
  2 air elementals
  2 humans (shapeshifter) (Depths:5)
  38 redbacks
  43 yaks
  16 humans
  14 golden eyes
  5 basilisks
  8 chaos spawn
  A black mamba skeleton (Coc:5)
  A yaktaur simulacrum (Vaults:5)
  9 fire elementals
  20 hungry ghosts
  8 neqoxecs
  5 spatial vortices
  15 vampire mosquitoes
  18 swamp worms
  5 wargs (Orc:1)
  15 insubstantial wisps
  An ogre zombie (Vaults:1)
  2 acid dragons
  13 spiny frog zombies
  A spectral hornet (Spider:4)
  16 water moccasins
  A spectral spriggan (Crypt:3)
  6 floating eyes
  A faun skeleton (Crypt:2)
  49 hell hounds
  9 porcupines
  5 hydra simulacra
  2 merfolk skeletons
  14 swamp drakes
  47 orc warriors
  A porcupine (shapeshifter) (Vaults:2)
  3 sky beasts
  An ice dragon simulacrum (Coc:3)
  22 ice beasts
  8 spiny frog skeletons
  5 eyes of draining
  2 swamp dragon zombies
  4 alligator simulacra
  3 ettin simulacra
  A tengu (shapeshifter) (Depths:3)
  2 hornet zombies (Spider:4)
  26 boggarts
  4 black bears
  39 necrophages
  23 ogres
  A manticore skeleton (Coc:7)
  14 phantoms
  3 snapping turtle zombies
  13 centaurs
  A manticore zombie (Dis:5)
  4 swamp dragon skeletons
  5 snapping turtle skeletons
  22 crocodiles
  2 big kobolds (D:12)
  16 bullfrogs
  An elf zombie (Dis:4)
  A spiny frog simulacrum (Coc:6)
  2 earth elementals
  A wyvern zombie (Crypt:2)
  An ogre simulacrum (Vaults:1)
  An elf skeleton (Crypt:3)
  A water moccasin zombie (D:9)
  A salamander skeleton (Crypt:1)
  A troll zombie (Coc:4)
  A warg zombie (Crypt:3)
  7 scorpions
  A water moccasin skeleton (D:9)
  A spriggan zombie (Tar:5)
  A manticore simulacrum (Tar:5)
  A human simulacrum (Vaults:1)
  7 killer bees
  A troll skeleton (Tar:3)
  124 wights
  A yak skeleton (Crypt:1)
  3 howler monkeys
  A spriggan skeleton (Tar:3)
  3 electric eels
  8 crimson imps
  6 centaur zombies
  6 quasits
  6 bullfrog zombies
  29 iron imps
  2 gnoll shamans
  3 human zombies
  30 orc priests
  6 hounds
  4 jellies
  A bullfrog skeleton (D:6)
  5 centaur skeletons
  32 orc wizards
  3 iguanas
  2 black bear skeletons
  16 worker ants
  4 hell rats (Lair:6)
  A porcupine skeleton (Crypt:3)
  A killer bee zombie (D:9)
  A big kobold zombie (Crypt:3)
  A naga zombie (Crypt:1)
  A naga skeleton (Dis:1)
  3 hound zombies
  2 hound skeletons (D:8)
  7 mummies
  7 gnolls
  15 adders
  2 howler monkey skeletons
  A river rat (D:11)
  30 shadow imps
  30 white imps
  2 ufetubi
  5 oozes
  An adder zombie (D:6)
  An adder skeleton (D:9)
  4 worms
  A barachi zombie (Crypt:1)
  5 dart slugs
  A dart slug (shapeshifter) (Depths:3)
  10 leopard geckos
  110 orcs
  10 bats
  8 giant cockroaches
  3 goblins
  6 hobgoblins
  12 jackals
  19 kobolds
  8 quokkas
  4 ball pythons
  10 frilled lizards
  2 kobold skeletons
  A kobold zombie (Tar:5)
  2 leopard gecko skeletons
  An orc skeleton (Coc:7)
  7 rats
  A rat skeleton (Crypt:2)
  5 briar patches
  9 crawling corpses (Vaults:5)
  3 fungi
  2 lurking horrors
  2 plants
  18 starspawn tentacles
  4 tentacles
4966 creatures vanquished.

Vanquished Creatures (collateral kills)
  Ereshkigal (Tar:7)
  5 Tzitzimimeh (Tar:7)
  A bone dragon (Tar:7)
  A Hell Sentinel (Abyss:3)
  A lich (Tar:7)
  A shadow dragon (Tar:7)
  A revenant (Crypt:3)
  3 reapers
  An ophan (Abyss:3)
  A soul eater (Tar:7)
  A wretched star (Abyss:3)
  A shadow wraith (Crypt:3)
  A shadow demon (Tar:7)
  A phantasmal warrior (Tar:7)
  An orange demon (Abyss:4)
  2 ancient zymes
  A hydra zombie (Tar:7)
  4 raiju (Abyss:3)
  2 flying skulls (Tar:7)
  A wraith (Crypt:3)
  A ynoxinul (Abyss:3)
  A fire elemental (Abyss:3)
  A golden eye (Abyss:3)
  A hell hound (Abyss:3)
  3 starcursed masses (Abyss:3)
  2 necrophages (Tar:7)
  An ice beast (Abyss:3)
41 creatures vanquished.

Vanquished Creatures (others)
  A deep elf master archer (Slime:3)
  An eldritch tentacle (Coc:7)
  A tentacled starspawn (Abyss:4)
  A vault warden (Vaults:5)
  An elemental wellspring (Coc:5)
  A deep elf high priest (Depths:3)
  A deep elf knight (Slime:3)
  2 deep elf magi (Slime:3)
  An orb spider (Spider:1)
  A wolf spider (Spider:1)
  A yaktaur (Vaults:5)
  A demonic crawler (Spider:4)
  An ancient zyme (Abyss:3)
  A ynoxinul (Abyss:3)
  4 small abominations
  3 golden eyes (Abyss:4)
  A hungry ghost (Abyss:3)
  A slave (D:9)
  A starcursed mass (Abyss:4)
  A wight (Dis:1)
  An orc (D:9)
  A briar patch (Swamp:1)
  23 fungi
  A lurking horror (Abyss:4)
  39 plants
  20 starspawn tentacles
  12 tentacles
123 creatures vanquished.

Grand Total: 5130 creatures vanquished

Notes
Turn   | Place    | Note
-------+----------+-------------------------------------------
     0 | D:1      | KleinerIrrer the Formicid Fighter began the quest for the
                  | Orb.
     0 | D:1      | Reached XP level 1. HP: 18/18 MP: 1/1
    95 | D:1      | Reached XP level 2. HP: 24/24 MP: 2/2
   339 | D:1      | Reached XP level 3. HP: 29/29 MP: 3/3
   505 | D:1      | Found a shattered altar of Ashenzari.
  1200 | D:2      | Reached XP level 4. HP: 31/35 MP: 4/4
  2303 | D:3      | Reached XP level 5. HP: 41/41 MP: 5/5
  2626 | D:3      | Noticed Sigmund
  2637 | D:3      | Killed Sigmund
  2637 | D:3      | Reached skill level 5 in Shields
  2637 | D:3      | Reached XP level 6. HP: 36/47 MP: 6/6
  2972 | D:3      | Reached skill level 5 in Axes
  3278 | D:4      | Noticed an ogre
  3282 | D:4      | Killed an ogre
  3282 | D:4      | Reached XP level 7. HP: 38/52 MP: 7/7
  3662 | D:4      | Found an iron altar of Okawaru.
  3714 | D:4      | Became a worshipper of Warmaster Okawaru
  3833 | D:4      | Reached skill level 5 in Armour
  4314 | D:5      | Entered Level 5 of the Dungeon
  4444 | D:5      | Reached XP level 8. HP: 56/58 MP: 8/8
  4511 | D:5      | Noticed Grinder
  4608 | D:5      | Killed Grinder
  4608 | D:5      | Reached * piety under Okawaru
  5852 | D:6      | Reached ** piety under Okawaru
  5859 | D:6      | Reached XP level 9. HP: 64/64 MP: 9/9
  5942 | D:6      | Found Himur's Food Boutique.
  6086 | D:6      | Got an ancient scimitar
  6087 | D:6      | Identified the cursed +3 scimitar "Wifror" {flame, rN+
                  | Str+2 Dex-3} (You found it on level 6 of the Dungeon)
  6222 | D:6      | Found Tonul's Serpentskin Sales.
  6266 | D:6      | Found a shadowy altar of Dithmenos.
  6280 | D:6      | Found a staircase to the Ecumenical Temple.
  6567 | D:7      | Reached skill level 1 in Invocations
  6731 | D:7      | Noticed Pikel
  6745 | D:7      | Killed Pikel
  7103 | D:7      | Found a blossoming altar of Fedhas.
  7293 | D:7      | Reached *** piety under Okawaru
  7293 | D:7      | Reached XP level 10. HP: 64/70 MP: 12/12
  7306 | D:7      | Reached skill level 1 in Long Blades
  7956 | D:8      | Noticed a two-headed ogre
  7968 | D:8      | Killed a two-headed ogre
  7968 | D:8      | Reached **** piety under Okawaru
  7968 | D:8      | Reached skill level 5 in Invocations
  8186 | D:8      | Found a glowing silver altar of Zin.
  9106 | D:9      | Reached skill level 10 in Axes
  9281 | D:9      | Noticed Erica
  9311 | D:9      | Killed Erica
  9311 | D:9      | Reached XP level 11. HP: 47/75 MP: 13/15
  9720 | D:9      | Reached ***** piety under Okawaru
  9755 | D:9      | Reached skill level 10 in Shields
 10630 | D:10     | Entered Level 10 of the Dungeon
 11085 | D:10     | Received a gift from Okawaru
 11304 | D:10     | Noticed a two-headed ogre
 11316 | D:10     | Killed a two-headed ogre
 11332 | D:10     | Reached skill level 10 in Armour
 11339 | D:10     | Found a runed door.
 11339 | D:10     | Noticed Atweeke's ghost (novice DEFE)
 11692 | D:10     | Reached XP level 12. HP: 71/81 MP: 17/17
 12189 | D:10     | Killed Atweeke's ghost
 12284 | D:10     | Found a staircase to the Orcish Mines.
 12294 | Orc:1    | Entered Level 1 of the Orcish Mines
 12304 | Orc:1    | Received a gift from Okawaru
 13593 | Orc:2    | Entered Level 2 of the Orcish Mines
 16083 | Orc:2    | Noticed an orc warlord
 16200 | Orc:2    | Killed an orc warlord
 16410 | Orc:2    | Found Dosaampo's Armour Shop.
 16413 | Orc:2    | Bought the +1 pair of gloves of Mirth {rPois MR+ rCorr
                  | Str-3} for 384 gold pieces
 16440 | Orc:2    | Reached XP level 13. HP: 79/86 MP: 19/19
 16551 | Orc:2    | Found a staircase to the Elven Halls.
 17783 | Orc:2    | Found Asoupp's Food Emporium.
 17784 | Orc:2    | Found Majov's Magic Scroll Shoppe.
 18935 | Orc:2    | Bought a scroll of identify for 28 gold pieces
 18935 | Orc:2    | Bought a scroll of identify for 28 gold pieces
 19261 | Orc:2    | Received a gift from Okawaru
 19973 | Orc:2    | Gained mutation: You are weak. (Str -2) [a neqoxec]
 20034 | Orc:2    | Reached skill level 15 in Axes
 20153 | Orc:2    | Found Usoud's Gadget Shop.
 20153 | Orc:2    | Found Ecib's Antique Weapon Boutique.
 20154 | Orc:2    | Found a one-way gate leading to the halls of Pandemonium.
 20264 | Orc:2    | Bought a +0 plate armour of cold resistance for 450 gold
                  | pieces
 20973 | D:11     | Reached XP level 14. HP: 58/93 MP: 20/20
 21006 | D:11     | Found a staircase to the Lair.
 21326 | D:11     | You fall through a shaft for 2 floors!
 21599 | D:13     | Lost mutation: You are weak. (Str -2) [potion of mutation]
 21599 | D:13     | Gained mutation: You occasionally shout uncontrollably at
                  | your foes. [potion of mutation]
 21599 | D:13     | Gained mutation: You are covered in fur. (AC +1) [potion of
                  | mutation]
 21599 | D:13     | Gained mutation: Your system is resistant to poisons.
                  | (rPois) [potion of mutation]
 21599 | D:13     | Gained mutation: You are agile. (Dex +2) [potion of
                  | mutation]
 22163 | D:12     | Received a gift from Okawaru
 22469 | D:12     | Noticed Fannar
 22523 | D:12     | Killed Fannar
 23392 | D:11     | Noticed Josephine
 23407 | D:11     | Killed Josephine
 23891 | D:11     | Found Fopoe's Armour Boutique.
 23975 | D:11     | Bought a +2 cloak for 264 gold pieces
 24081 | Lair:1   | Entered Level 1 of the Lair of Beasts
 24991 | Lair:2   | Received a gift from Okawaru
 25203 | Lair:2   | Noticed Urug
 25221 | Lair:2   | Killed Urug
 25636 | Lair:2   | Reached XP level 15. HP: 76/98 MP: 21/21
 27200 | Lair:4   | Found a staircase to the Swamp.
 27897 | Lair:4   | Found a hole to the Spider Nest.
 28065 | Lair:4   | Received a gift from Okawaru
 28185 | Lair:4   | Reached skill level 15 in Shields
 28459 | Lair:4   | Found the +9 scales of the Dragon King {rPois rF+ rC+ MR+}
 28489 | Lair:4   | Found a runed gate.
 28490 | Lair:4   | Found a runed gate.
 28490 | Lair:4   | Found a runed gate.
 28492 | Lair:4   | Noticed Gargoyl's ghost (journeyman CeAK)
 29415 | Lair:5   | Found a shadowy altar of Dithmenos.
 29612 | Lair:5   | Reached ****** piety under Okawaru
 30028 | Lair:6   | Entered Level 6 of the Lair of Beasts
 30088 | Lair:6   | Found a staircase to the Slime Pits.
 31531 | Lair:6   | Found a runed gate.
 31532 | Lair:6   | Found a runed gate.
 31532 | Lair:6   | Found a runed gate.
 31538 | Lair:6   | Noticed Americanboy's ghost (journeyman GrEE)
 31667 | Lair:6   | Reached XP level 16. HP: 91/104 MP: 22/22
 31713 | Lair:6   | Received a gift from Okawaru
 32281 | Lair:6   | Reached skill level 1 in Evocations
 32704 | Lair:6   | Got a polished spear
 32716 | Lair:6   | Identified the +7 spear of Imierr {drain, rElec rC+ Str+2}
                  | (You found it on level 6 of the Lair of Beasts)
 33691 | D:12     | Noticed Sonja
 33730 | D:12     | Killed Sonja
 34253 | D:12     | Reached skill level 15 in Armour
 34286 | D:12     | Got a shimmering quick blade
 34287 | D:12     | Identified the +0 quick blade of Eternal Vigilance {flame,
                  | rF+ Str+4 Dex-5} (You found it on level 12 of the Dungeon)
 34434 | D:13     | Found a gate to the Vaults.
 34687 | Elf:1    | Entered Level 1 of the Elven Halls
 35297 | Elf:1    | Received a gift from Okawaru
 35403 | Elf:1    | Got a pair of ichor-stained boots {god gift}
 35414 | Elf:1    | Identified the +0 pair of boots of Entitlement {Str+2}
                  | (Okawaru gifted it to you on level 1 of the Elven Halls)
 36003 | Elf:1    | Reached XP level 17. HP: 103/109 MP: 23/23
 36235 | Elf:1    | Found the +6 shillelagh "Devastator" {shatter}
 36500 | Elf:1    | Found an ancient bone altar of Kikubaaqudgha.
 37071 | Elf:1    | Found a gateway to a bazaar.
 37086 | Bazaar   | Entered a bazaar
 37104 | Bazaar   | Found Isaaxt's Food Boutique.
 37113 | Bazaar   | Found Plog's Gadget Boutique.
 37117 | Bazaar   | Found Xumpasev's Distillery.
 37124 | Bazaar   | Found Idoeri's General Store.
 37137 | Bazaar   | Bought a potion of curing for 21 gold pieces
 37137 | Bazaar   | Bought a potion of agility for 28 gold pieces
 37137 | Bazaar   | Bought a potion of curing for 21 gold pieces
 37137 | Bazaar   | Bought a potion of cancellation for 56 gold pieces
 37137 | Bazaar   | Bought a potion of resistance for 70 gold pieces
 37137 | Bazaar   | Bought a potion of resistance for 70 gold pieces
 37137 | Bazaar   | Bought a potion of curing for 21 gold pieces
 37137 | Bazaar   | Bought a potion of curing for 21 gold pieces
 37482 | Elf:2    | Found Xefezeh's Distillery.
 37490 | Elf:2    | Bought a potion of heal wounds for 85 gold pieces
 37490 | Elf:2    | Bought a potion of heal wounds for 85 gold pieces
 37490 | Elf:2    | Bought a potion of heal wounds for 85 gold pieces
 37745 | Elf:2    | Found Jaorumnu's General Store.
 37801 | Elf:2    | Noticed Roxanne
 38176 | Elf:2    | Found a huge runed gate.
 38176 | Elf:2    | Found a huge runed gate.
 38176 | Elf:2    | Found a huge runed gate.
 38177 | Elf:2    | Found a huge runed gate.
 38179 | Elf:2    | Found a huge runed gate.
 38214 | Elf:2    | Received a gift from Okawaru
 38215 | Elf:2    | Got a brightly glowing shortbow {god gift}
 38216 | Elf:2    | Identified the +2 shortbow of Victory {venom, rF- Str-4
                  | Int+4 SInv} (Okawaru gifted it to you on level 2 of the
                  | Elven Halls)
 40243 | Swamp:1  | Entered Level 1 of the Swamp
 40278 | Swamp:1  | Received a gift from Okawaru
 40285 | Swamp:1  | Got a fine hand axe {god gift}
 40413 | Lair:4   | Identified the +9 hand axe of Rikav {speed, MR+} (Okawaru
                  | gifted it to you on level 1 of the Swamp)
 40555 | Swamp:1  | Noticed Louise
 40630 | Swamp:1  | Killed Louise
 40630 | Swamp:1  | Reached XP level 18. HP: 93/116 MP: 24/24
 42505 | Swamp:2  | Received a gift from Okawaru
 42543 | Swamp:2  | Got a brightly glowing executioner's axe {god gift}
 42545 | Swamp:2  | Identified the +7 executioner's axe of the Living Dead
                  | {freeze, Int+4 Dex+5} (Okawaru gifted it to you on level 2
                  | of the Swamp)
 43372 | Swamp:3  | Reached skill level 5 in Fighting
 44119 | Swamp:3  | Received a gift from Okawaru
 44701 | Swamp:4  | Entered Level 4 of the Swamp
 46303 | Swamp:4  | Reached XP level 19. HP: 111/132 MP: 25/25
 46714 | Swamp:4  | Received a gift from Okawaru
 46720 | Swamp:4  | Got a decaying rune of Zot
 47224 | Elf:3    | Entered Level 3 of the Elven Halls
 48323 | Elf:3    | Noticed a deep elf blademaster
 48356 | Elf:3    | Killed a deep elf blademaster
 48988 | Elf:3    | Noticed a deep elf blademaster
 49011 | Elf:3    | Killed a deep elf blademaster
 49351 | Elf:3    | Got a steaming plate armour
 49368 | Elf:3    | Identified the +0 plate armour of the Inquisitive Curses
                  | {rPois rF- rCorr Int+3} (You took it off a deep elf master
                  | archer on level 3 of the Elven Halls)
 49914 | Elf:3    | Noticed a Hell Sentinel
 50396 | Elf:3    | Received a gift from Okawaru
 50402 | Elf:3    | Got a pair of transparent boots {god gift}
 50474 | Elf:3    | Identified the +2 pair of boots "Ubudd" {*Contam rElec
                  | rCorr Int+6} (Okawaru gifted it to you on level 3 of the
                  | Elven Halls)
 50671 | Elf:3    | Reached skill level 10 in Fighting
 50869 | Elf:3    | Identified the Volume of the Birds and the Entourage
 51959 | D:15     | Entered Level 15 of the Dungeon
 52004 | D:15     | Reached XP level 20. HP: 134/148 MP: 8/26
 52039 | D:15     | Found a staircase to the Depths.
 52542 | D:15     | Noticed Rupert
 52556 | D:15     | Killed Rupert
 53067 | Depths:1 | Entered Level 1 of the Depths
 53270 | Depths:1 | Received a gift from Okawaru
 53570 | Depths:1 | Found a one-way gate to the infinite horrors of the Abyss.
 53889 | Depths:1 | Found a gateway to Hell.
 56117 | Depths:2 | Received a gift from Okawaru
 56233 | Depths:2 | Reached XP level 21. HP: 105/156 MP: 9/27
 56724 | Depths:2 | Received a gift from Okawaru
 56725 | Depths:2 | Got a slimy hand axe {god gift}
 56726 | Depths:2 | Identified the +9 hand axe "Jellyslayer" {antimagic, rN+}
                  | (Okawaru gifted it to you on level 2 of the Depths)
 56829 | Depths:2 | Noticed Asterion
 56858 | Depths:2 | Killed Asterion
 57156 | Depths:3 | Noticed a juggernaut
 57178 | Depths:3 | Killed a juggernaut
 57614 | Depths:3 | Received a gift from Okawaru
 59166 | Depths:3 | Found the +8 glaive of the Guard {elec, +Rage AC+5 SInv}
 59760 | Depths:4 | Found Unuary's General Store.
 59794 | Depths:4 | Reached XP level 22. HP: 120/162 MP: 12/28
 60162 | Depths:4 | Found a gateway to a ziggurat.
 60486 | Depths:4 | You fall through a shaft!
 60486 | Depths:5 | Entered Level 5 of the Depths
 60541 | Depths:5 | Received a gift from Okawaru
 60542 | Depths:5 | Found the +15 Maxwell's patent armour {-Cast -Tele rElec
                  | MR+ rCorr}
 60558 | Depths:5 | Got a sparkling brass ring
 60849 | Depths:5 | Noticed Mennas
 60893 | Depths:5 | Killed Mennas
 61124 | Depths:5 | Found a burning altar of Makhleb.
 61291 | Depths:5 | Got a clouded lapis lazuli ring
 61294 | Depths:5 | Identified the ring "Pioclad" {*Slow rElec rPois rF++ EV+3}
                  | (You took it off a skeletal warrior on level 5 of the
                  | Depths)
 61295 | Depths:5 | Identified the ring of Waff {rF+++ AC+3 Int-3 Dex+3 SInv}
                  | (You found it on level 5 of the Depths)
 61308 | Depths:5 | Noticed a golden dragon
 61323 | Depths:5 | Killed a golden dragon
 61754 | Depths:5 | Got a twitching bone ring
 61756 | Depths:5 | Identified the ring "Timod" {+Blink MP+9 Int+2} (You found
                  | it on level 5 of the Depths)
 62014 | Depths:5 | Found a stormy altar of Qazlal.
 62099 | Depths:5 | Found a gate to the Realm of Zot.
 62967 | Depths:4 | Received a gift from Okawaru
 63002 | Depths:4 | Noticed a juggernaut
 63027 | Depths:4 | Killed a juggernaut
 63027 | Depths:4 | Reached XP level 23. HP: 48/169 MP: 7/29
 63374 | Depths:4 | Got a pair of faintly humming boots {god gift}
 63375 | Depths:4 | Identified the +1 pair of boots of the Mackerel {rPois}
                  | (Okawaru gifted it to you on level 4 of the Depths)
 63483 | Depths:4 | Got a pitted trident {protect}
 63484 | Depths:4 | Identified the cursed +2 trident "Iwonann" {protect, rC+
                  | rN+ Int+3} (You took it off a boggart on level 4 of the
                  | Depths)
 63504 | Depths:4 | Got a wavering iron ring
 63513 | Depths:4 | Identified the ring of Discretion {*Contam Str+4 Int+2
                  | SInv} (You found it on level 4 of the Depths)
 63521 | Depths:4 | Got a pitted great sword
 63522 | Depths:4 | Identified the +0 great sword of Halaesas {flame, rElec
                  | rPois rF+ Dex+4} (You found it on level 4 of the Depths)
 64996 | Vaults:1 | Entered Level 1 of the Vaults
 66459 | Vaults:2 | Received a gift from Okawaru
 66472 | Vaults:2 | Reached skill level 15 in Fighting
 66615 | Vaults:2 | Reached XP level 24. HP: 156/189 MP: 9/29
 67267 | Vaults:2 | Reached skill level 1 in Crossbows
 67312 | Vaults:2 | Found a radiant altar of Vehumet.
 67336 | Vaults:2 | Found the +5 robe of Night {Dark MR+ SInv}
 67930 | Vaults:3 | Found a flickering gateway to a bazaar.
 67966 | Vaults:3 | Got a flickering silver ring
 67987 | Vaults:3 | Identified the cursed ring "Duasuic" {rPois EV-2} (You
                  | found it on level 3 of the Vaults)
 67990 | Bazaar   | Entered a bazaar
 68004 | Bazaar   | Found Wuromol's Gadget Shoppe.
 68004 | Bazaar   | Found Iklegan's Armour Emporium.
 68027 | Bazaar   | Found Xisk's Antique Weapon Shoppe.
 68048 | Bazaar   | Found Tynner's Armour Shoppe.
 68048 | Bazaar   | Found Nud Dovo's Book Emporium.
 69105 | Vaults:3 | Found a staircase to the Crypt.
 69399 | Vaults:4 | Received a gift from Okawaru
 70011 | Vaults:4 | Found a runed gate.
 70011 | Vaults:4 | Found a runed gate.
 70011 | Vaults:4 | Found a runed gate.
 70013 | Vaults:4 | Noticed Raummer's ghost (veteran DsGl)
 70015 | Vaults:4 | Found the cursed -5 robe of Misfortune {-Cast *Contam *Tele
                  | *Drain EV-5 Stlth-- *Curse}
 70258 | Vaults:4 | Reached skill level 5 in Crossbows
 70462 | Vaults:4 | Reached XP level 25. HP: 202/202 MP: 29/29
 70677 | Vaults:4 | Found Xuosurew's Magic Scroll Shop.
 70898 | Vaults:4 | Killed Raummer's ghost
 70904 | Vaults:4 | Received a gift from Okawaru
 70940 | Vaults:4 | Got a wavering zirconium amulet
 70942 | Vaults:4 | Got a transparent golden ring
 70943 | Vaults:4 | Identified the amulet "Onawn" {Gourm Dex+4} (You found it
                  | on level 4 of the Vaults)
 70944 | Vaults:4 | Identified the ring "Qoguaf" {rN+ MP+9} (You found it on
                  | level 4 of the Vaults)
 71379 | Spider:1 | Entered Level 1 of the Spider Nest
 71899 | Spider:1 | Received a gift from Okawaru
 71907 | Spider:1 | Noticed Jorgrun
 71919 | Spider:1 | Killed Jorgrun
 71961 | Spider:1 | Got a steaming battleaxe {god gift}
 71962 | Spider:1 | Identified the +8 battleaxe "Abonk" {chop, rElec MR+++ MP-9
                  | Stlth+} (Okawaru gifted it to you on level 1 of the Spider
                  | Nest)
 72894 | Spider:2 | Noticed Arachne
 72921 | Spider:2 | Killed Arachne
 72999 | Spider:2 | Learned a level 2 spell: Song of Slaying
 73505 | Spider:3 | Reached skill level 1 in Charms
 73628 | Spider:3 | Found a roughly hewn altar of Beogh.
 73961 | Spider:4 | Entered Level 4 of the Spider Nest
 74169 | Spider:4 | Received a gift from Okawaru
 74823 | Spider:4 | Got a gossamer rune of Zot
 75269 | Orc:2    | Bought a scroll of acquirement for 728 gold pieces
 75270 | Orc:2    | Got an ichor-stained broad axe
 75271 | Orc:2    | Identified the +6 broad axe of Circularity {venom, MR+
                  | Int-4 Dex+2} (You acquired it on level 2 of the Orcish
                  | Mines)
 75688 | Vaults:4 | Bought a scroll of acquirement for 780 gold pieces
 76228 | Vaults:5 | Entered Level 5 of the Vaults
 76239 | Vaults:5 | Reached XP level 26. HP: 213/213 MP: 29/29
 76248 | Vaults:5 | Noticed Xtahua
 76265 | Vaults:5 | Killed Xtahua
 76265 | Vaults:5 | Received a gift from Okawaru
 76351 | Vaults:5 | Reached skill level 5 in Charms
 76490 | Vaults:5 | Noticed an ancient lich
 76502 | Vaults:5 | Killed an ancient lich
 76502 | Vaults:5 | Received a gift from Okawaru
 76522 | Vaults:5 | Received a gift from Okawaru
 76601 | Vaults:5 | Got a coiled golden ring
 76698 | Vaults:5 | Reached XP level 27. HP: 224/224 MP: 29/29
 76896 | Vaults:5 | Got a bone shortbow
 76898 | Vaults:5 | Got a silver rune of Zot
 76900 | Vaults:5 | Identified the cursed +0 shortbow "Afohus" {flame, *Slow
                  | rPois Str+2} (You found it on level 5 of the Vaults)
 76904 | Vaults:5 | Identified the ring of Dun Apn {*Tele Str+4 Dex+6} (You
                  | took it off a vault warden on level 5 of the Vaults)
 77014 | Vaults:5 | Identified Sotuh's Tome of Creative Sinister Rituals
 77325 | Vaults:5 | Received a gift from Okawaru
 77419 | Vaults:5 | Identified the Disquisition on Creation and Bewitchment
 77588 | Vaults:5 | Found Exkeufun's Magic Scroll Shoppe.
 77596 | Vaults:5 | Bought a scroll of enchant weapon for 105 gold pieces
 77943 | Zot:1    | Entered Level 1 of the Realm of Zot
 77957 | Zot:1    | Received a gift from Okawaru
 78139 | Zot:1    | Received a gift from Okawaru
 78164 | Zot:1    | Found a transporter.
 78165 | Zot:1    | Found the +2 ratskin cloak {+Rats rPois rN+ Str-1 Int-1
                  | Dex+1}
 78271 | Zot:1    | Found a transporter.
 78813 | Zot:2    | Received a gift from Okawaru
 78814 | Zot:2    | Got a pitted cloak {god gift}
 78815 | Zot:2    | Identified the +1 cloak of the Meadowlark {rN+ Dex+3}
                  | (Okawaru gifted it to you on level 2 of the Realm of Zot)
 79169 | Zot:2    | Fell from the grace of Okawaru
 79247 | Zot:2    | Noticed an orb of fire
 79254 | Zot:2    | Gained mutation: You are frail. (-10% HP) [an orb of fire]
 79255 | Zot:2    | Gained mutation: Your magical capacity is low. (-10% MP)
                  | [an orb of fire]
 79265 | Zot:2    | Gained mutation: Your spells are a little harder to cast,
                  | but a little more powerful. [an orb of fire]
 79268 | Zot:2    | Killed an orb of fire
 79423 | Zot:3    | Reached skill level 10 in Crossbows
 80051 | Zot:3    | Noticed an orb of fire
 80068 | Zot:3    | Gained mutation: You are weak. (Str -2) [an orb of fire]
 80071 | Zot:3    | Lost mutation: You are agile. (Dex +2) [an orb of fire]
 80078 | Zot:3    | Gained mutation: You are very weak. (Str -4) [an orb of
                  | fire]
 80079 | Zot:3    | Killed an orb of fire
 80916 | Lair:1   | Lost mutation: Your system is resistant to poisons. (rPois)
                  | [potion of mutation]
 80916 | Lair:1   | Lost mutation: Your spells are a little harder to cast, but
                  | a little more powerful. [potion of mutation]
 80916 | Lair:1   | Lost mutation: You are frail. (-10% HP) [potion of
                  | mutation]
 80916 | Lair:1   | Gained mutation: Your spells are a little harder to cast,
                  | but a little more powerful. [potion of mutation]
 80916 | Lair:1   | Gained mutation: You are partially covered in iridescent
                  | scales. (AC +2) [potion of mutation]
 80916 | Lair:1   | Gained mutation: Your spells are harder to cast, but more
                  | powerful. [potion of mutation]
 80917 | Lair:1   | Lost mutation: Your magical capacity is low. (-10% MP)
                  | [potion of mutation]
 80917 | Lair:1   | Lost mutation: You are very weak. (Str -4) [potion of
                  | mutation]
 80917 | Lair:1   | Lost mutation: You occasionally shout uncontrollably at
                  | your foes. [potion of mutation]
 80917 | Lair:1   | Lost mutation: You are covered in fur. (AC +1) [potion of
                  | mutation]
 80917 | Lair:1   | Gained mutation: You are frail. (-10% HP) [potion of
                  | mutation]
 80917 | Lair:1   | Gained mutation: You are resistant to hostile enchantments.
                  | (MR+) [potion of mutation]
 80918 | Lair:1   | Lost mutation: You are resistant to hostile enchantments.
                  | (MR+) [potion of mutation]
 80918 | Lair:1   | Lost mutation: You are frail. (-10% HP) [potion of
                  | mutation]
 80918 | Lair:1   | Gained mutation: Your body sometimes deteriorates upon
                  | taking damage. [potion of mutation]
 80918 | Lair:1   | Gained mutation: You are partially covered in yellow
                  | scales. (AC +2) [potion of mutation]
 80918 | Lair:1   | Gained mutation: You are resistant to hostile enchantments.
                  | (MR+) [potion of mutation]
 80918 | Lair:1   | Gained mutation: You possess an exceptional clarity of
                  | mind. [potion of mutation]
 81034 | Slime:1  | Entered Level 1 of the Pits of Slime
 81058 | Slime:1  | Gained mutation: Your body often deteriorates upon taking
                  | damage. [a shining eye]
 81085 | Slime:1  | Gained mutation: Your magical capacity is low. (-10% MP) [a
                  | shining eye]
 81689 | Slime:4  | Gained mutation: Armour fits poorly on your strangely
                  | shaped body. [a shining eye]
 81721 | Slime:4  | Lost mutation: Armour fits poorly on your strangely shaped
                  | body. [potion of mutation]
 81721 | Slime:4  | Lost mutation: Your body often deteriorates upon taking
                  | damage. [potion of mutation]
 81721 | Slime:4  | Lost mutation: Your spells are harder to cast, but more
                  | powerful. [potion of mutation]
 81721 | Slime:4  | Lost mutation: Your body sometimes deteriorates upon taking
                  | damage. [potion of mutation]
 81721 | Slime:4  | Gained mutation: Your body sometimes deteriorates upon
                  | taking damage. [potion of mutation]
 81721 | Slime:4  | Gained mutation: You have sharp fingernails. [potion of
                  | mutation]
 81724 | Slime:5  | Entered Level 5 of the Pits of Slime
 81790 | Slime:5  | Noticed the Royal Jelly
 81875 | Slime:5  | Killed the Royal Jelly
 81912 | Slime:5  | Found the +12 glaive of Prune {chop}
 81927 | Slime:5  | Identified the Almanac of Damaging Stones
 81952 | Slime:5  | Got a heavily runed plate armour
 81958 | Slime:5  | Got a brightly glowing war axe
 81967 | Slime:5  | Identified the +7 plate armour of the Amoeba {*Corrode rC++
                  | MP+9 Dex+3} (You found it on level 5 of the Pits of Slime)
 81974 | Slime:5  | Got a slimy rune of Zot
 82064 | Slime:5  | Identified the cursed +1 war axe of Cheese {venom, *Noise
                  | Int+8} (You found it on level 5 of the Pits of Slime)
 82070 | Slime:5  | Got a crystal eveningstar
 82082 | Slime:5  | Identified the cursed +2 eveningstar of the Bear {flame,
                  | rPois rF+ MP+9 Str-5 Stlth+} (You found it on level 5 of
                  | the Pits of Slime)
 82084 | Slime:5  | Got a fine battleaxe
 82085 | Slime:5  | Identified the cursed +1 battleaxe of Guilt {chop, rElec
                  | rPois} (You found it on level 5 of the Pits of Slime)
 82503 | Temple   | Entered the Ecumenical Temple
 82734 | Temple   | Became a worshipper of the Shining One
 83360 | Crypt:1  | Entered Level 1 of the Crypt
 83447 | Crypt:1  | Reached * piety under the Shining One
 83589 | Crypt:1  | Reached ** piety under the Shining One
 84652 | Crypt:2  | Reached *** piety under the Shining One
 84777 | Crypt:2  | Reached **** piety under the Shining One
 84827 | Crypt:2  | Was forgiven by Okawaru
 85108 | Crypt:2  | Reached ***** piety under the Shining One
 85397 | Crypt:2  | Reached skill level 10 in Charms
 85674 | Crypt:3  | Entered Level 3 of the Crypt
 85862 | Crypt:3  | Reached ****** piety under the Shining One
 85902 | Crypt:3  | Found a basalt altar of Yredelemnul.
 85906 | Crypt:3  | Reached skill level 10 in Invocations
 86439 | Crypt:3  | Found a staircase to the Tomb.
 86590 | Crypt:3  | Found a runed gate.
 86687 | Crypt:3  | Found a runed gate.
 86687 | Crypt:3  | Found a runed gate.
 86689 | Crypt:3  | Noticed Hamoih's ghost (veteran MiBe)
 86745 | Crypt:3  | Killed Hamoih's ghost
 86778 | Crypt:3  | Got an ancient granite ring
 86786 | Crypt:3  | Identified the ring of Uczuapu Doem {MR+ MP+9 Str+3} (You
                  | found it on level 3 of the Crypt)
 87186 | Crypt:3  | Identified Kikubaaqudgha's Incunabulum of Unholy Rituals
 87601 | Depths:1 | Voluntarily entered the Abyss.
 87957 | Abyss:1  | Gained mutation: Armour fits poorly on your strangely
                  | shaped body. [a neqoxec]
 87965 | Abyss:1  | Lost mutation: Your spells are a little harder to cast, but
                  | a little more powerful. [potion of mutation]
 87965 | Abyss:1  | Lost mutation: Your body sometimes deteriorates upon taking
                  | damage. [potion of mutation]
 87965 | Abyss:1  | Lost mutation: Armour fits poorly on your strangely shaped
                  | body. [potion of mutation]
 87965 | Abyss:1  | Gained mutation: You have sharp toenails. [potion of
                  | mutation]
 88059 | Abyss:1  | Gained mutation: Armour fits poorly on your strangely
                  | shaped body. [a neqoxec]
 88306 | Abyss:1  | Noticed an ancient lich
 88322 | Abyss:1  | Killed an ancient lich
 88421 | Abyss:2  | Found a basalt altar of Yredelemnul.
 88741 | Abyss:2  | Found a shadowy altar of Dithmenos.
 88868 | Abyss:3  | Found an opulent altar of Gozag.
 88872 | Abyss:3  | Found a corrupted altar of Lugonu.
 89028 | Abyss:4  | Gained mutation: You are frail. (-10% HP) [a neqoxec]
 89112 | Abyss:4  | Learned a level 2 spell: Swiftness
 89171 | Abyss:4  | Found an opulent altar of Gozag.
 89208 | Abyss:4  | Found a corrupted altar of Lugonu.
 89237 | Abyss:4  | Reached skill level 1 in Air Magic
 89382 | Abyss:4  | Gained mutation: Scrolls take you a little longer to read.
                  | [a shining eye]
 89384 | Abyss:4  | Gained mutation: You have very sharp teeth. [a shining eye]
 89704 | Abyss:4  | Reached skill level 15 in Crossbows
 89737 | Abyss:4  | Noticed an ancient lich
 89758 | Abyss:4  | Killed an ancient lich
 90010 | Abyss:4  | Reached skill level 5 in Air Magic
 90161 | Abyss:4  | Found a corrupted altar of Lugonu.
 90334 | Abyss:4  | Found a corrupted altar of Lugonu.
 90396 | Depths:1 | Escaped the Abyss
 90500 | Depths:1 | Lost mutation: You are partially covered in yellow scales.
                  | (AC +2) [potion of mutation]
 90500 | Depths:1 | Lost mutation: Your magical capacity is low. (-10% MP)
                  | [potion of mutation]
 90500 | Depths:1 | Lost mutation: Armour fits poorly on your strangely shaped
                  | body. [potion of mutation]
 90500 | Depths:1 | Gained mutation: You expend magic power (3 MP) to
                  | strengthen your wands. [potion of mutation]
 90640 | Hell     | Entered the Vestibule of Hell
 90640 | Hell     | Noticed Murray
 90640 | Hell     | Noticed Geryon
 90667 | Hell     | Killed Murray
 90680 | Hell     | Killed Geryon
 91075 | Hell     | Found a gateway to the freezing wastes of Cocytus.
 91123 | Hell     | Found a gateway to the Iron City of Dis.
 91143 | Hell     | Found a gateway to the ashen valley of Gehenna.
 91279 | Hell     | Found a gateway to the decaying netherworld of Tartarus.
 91291 | Hell     | Learned a level 3 spell: Portal Projectile
 91292 | Tar:1    | Entered Level 1 of Tartarus
 91338 | Tar:1    | Reached skill level 1 in Translocations
 92083 | Tar:1    | Reached skill level 5 in Translocations
 92834 | Hell     | Identified a +9 executioner's axe of holy wrath (a +7
                  | vampiric executioner's axe blessed by the Shining One)
 92834 | Hell     | Received a gift from the Shining One
 93955 | Tar:3    | Reached skill level 1 in Spellcasting
 94828 | Tar:3    | Reached skill level 5 in Spellcasting
 95294 | Tar:4    | Reached skill level 10 in Translocations
 96442 | Tar:5    | Reached skill level 1 in Hexes
 97128 | Tar:6    | Reached skill level 5 in Hexes
 97381 | Tar:6    | Reached skill level 10 in Spellcasting
 97849 | Tar:7    | Entered Level 7 of Tartarus
 98062 | Tar:7    | Got a shadowed robe
 98481 | Tar:7    | Reached skill level 10 in Hexes
 98629 | Tar:7    | Noticed an ancient lich
 98637 | Tar:7    | Killed an ancient lich
 98707 | Tar:7    | Learned a level 5 spell: Silence
 99011 | Tar:7    | Noticed Ereshkigal
 99051 | Tar:7    | Killed Ereshkigal
 99244 | Tar:7    | Got a bone rune of Zot
 99508 | Tar:7    | Found the +0 sword of Power
 99549 | Tar:7    | Reached skill level 15 in Hexes
 99611 | Hell     | Identified the +0 robe of the Greedy {*Slow rN+++ Str-4
                  | Int+4} (You found it on level 7 of Tartarus)
 99713 | Coc:1    | Entered Level 1 of Cocytus
 99970 | Coc:1    | Noticed a shard shrike
 99992 | Coc:1    | Killed a shard shrike
100206 | Coc:1    | Noticed a shard shrike
100226 | Coc:1    | Killed a shard shrike
100358 | Coc:1    | Gained mutation: Your spells are a little easier to cast,
                  | but a little less powerful. [mutagenic glow]
100725 | Coc:1    | Noticed a shard shrike
100732 | Coc:1    | Killed a shard shrike
101067 | Coc:2    | Reached skill level 1 in Dodging
101217 | Coc:2    | Noticed a shard shrike
101221 | Coc:2    | Killed a shard shrike
101621 | Coc:2    | Noticed a shard shrike
101628 | Coc:2    | Killed a shard shrike
101913 | Coc:3    | Noticed a shard shrike
101919 | Coc:3    | Killed a shard shrike
102021 | Coc:3    | Noticed a shard shrike
102033 | Coc:3    | Killed a shard shrike
102082 | Coc:3    | Reached skill level 5 in Dodging
102295 | Coc:3    | Noticed a shard shrike
102309 | Coc:3    | Killed a shard shrike
103076 | Coc:4    | Noticed a shard shrike
103078 | Coc:4    | Noticed a shard shrike
103080 | Coc:4    | Noticed a shard shrike
103087 | Coc:4    | Killed a shard shrike
103088 | Coc:4    | Killed a shard shrike
103089 | Coc:4    | Killed a shard shrike
103222 | Coc:4    | Noticed a shard shrike
103229 | Coc:4    | Killed a shard shrike
103413 | Coc:4    | Cast into level 3 of the Abyss (reaper)
104015 | Coc:4    | Escaped the Abyss
105001 | Coc:5    | Noticed a shard shrike
105012 | Coc:5    | Killed a shard shrike
105477 | Coc:5    | Noticed a shard shrike
105478 | Coc:5    | Killed a shard shrike
105916 | Coc:6    | Noticed a shard shrike
105916 | Coc:6    | Noticed a shard shrike
105916 | Coc:6    | Noticed a shard shrike
105925 | Coc:6    | Killed a shard shrike
105926 | Coc:6    | Killed a shard shrike
105932 | Coc:6    | Killed a shard shrike
106202 | Coc:6    | Noticed a shard shrike
106205 | Coc:6    | Killed a shard shrike
106316 | Coc:6    | Gained mutation: Your magical capacity is low. (-10% MP)
                  | [mutagenic glow]
106360 | Coc:6    | Gained mutation: You are very weak. (Str -4) [mutagenic
                  | glow]
106810 | Coc:7    | Entered Level 7 of Cocytus
107668 | Coc:7    | Noticed a shard shrike
107671 | Coc:7    | Killed a shard shrike
107795 | Coc:7    | Noticed a shard shrike
107795 | Coc:7    | Noticed a shard shrike
107795 | Coc:7    | Noticed a shard shrike
107795 | Coc:7    | Noticed a shard shrike
107803 | Coc:7    | Killed a shard shrike
107807 | Coc:7    | Killed a shard shrike
107808 | Coc:7    | Killed a shard shrike
107808 | Coc:7    | Reached skill level 27 in Axes
107809 | Coc:7    | Killed a shard shrike
107870 | Coc:7    | Noticed Antaeus
107900 | Coc:7    | Killed Antaeus
108068 | Coc:7    | Got an icy rune of Zot
108071 | Coc:7    | Identified Diezxer's Disquisition on Flying Malediction
108082 | Coc:7    | Learned a level 6 spell: Darkness
108382 | Dis:1    | Entered Level 1 of the Iron City of Dis
108987 | Dis:1    | Reached skill level 10 in Air Magic
109434 | Dis:2    | Reached skill level 27 in Shields
109558 | Dis:2    | Reached skill level 10 in Dodging
112588 | Dis:7    | Entered Level 7 of the Iron City of Dis
112591 | Dis:7    | Gained mutation: You are clumsy. (Dex -2) [mutagenic glow]
113284 | Dis:7    | HP: 8/209 [Hell Sentinel/damnation (26)]
113286 | Dis:7    | Killed from afar by a Hell Sentinel

Skill      XL: |  1  2  3  4  5  6  7  8  9 10 11 12 13 14 15 16 17 18 19 20 21 22 23 24 25 26 27 |
---------------+----------------------------------------------------------------------------------+-----
Shields        | 4 5 6 8 9 10 12 13 14 15 16 17 18 27 | 27.0
Axes           | 3 4 5 6 8 10 11 13 15 16 18 19 20 22 23 25 26 27 | 27.0
Armour         | 4 5 8 9 10 11 12 13 16 19 20 21 22 23 26 | 26.7
Invocations    | 3 6 7 8 14 | 14.9
Long Blades    | 1 |  1.0
Evocations     | 2 |  2.5
Fighting       | 7 10 11 15 17 18 19 22 | 22.6
Crossbows      | 5 7 9 26 | 26.0
Charms         | 3 6 12 | 12.8
Air Magic      | 12 | 12.0
Translocations | 11 | 11.4
Spellcasting   | 10 | 10.0
Hexes          | 19 | 19.0
Dodging        | 11 | 11.0

Action                   |  1- 3 |  4- 6 |  7- 9 | 10-12 | 13-15 | 16-18 | 19-21 | 22-24 | 25-27 || total
-------------------------+-------+-------+-------+-------+-------+-------+-------+-------+-------++-------
Melee: War axe           |   127 |   166 |   464 |       |       |       |       |       |       ||   757
       Dire flail        |       |       |    17 |       |       |       |       |       |       ||    17
       Scimitar          |       |       |    15 |    13 |       |       |       |       |       ||    28
       Battleaxe         |       |       |       |   936 |  1576 |  1093 |  1518 |  1572 |   794 ||  7489
       Demon whip        |       |       |       |       |    46 |       |       |       |       ||    46
       Spear             |       |       |       |       |       |  1554 |   119 |       |       ||  1673
       Executioner's axe |       |       |       |       |       |    21 |    34 |   230 |  7324 ||  7609
       Bite              |       |       |       |       |       |       |       |       |   705 ||   705
 Fire: Triple crossbow   |       |       |       |       |       |       |       |       |   164 ||   164
 Cast: Song of Slaying   |       |       |       |       |       |       |       |       |    14 ||    14
       Swiftness         |       |       |       |       |       |       |       |       |     6 ||     6
       Silence           |       |       |       |       |       |       |       |       |     6 ||     6
       Portal Projectile |       |       |       |       |       |       |       |       |     2 ||     2
Invok: Heroism           |       |       |     1 |    12 |    20 |     8 |     7 |     3 |     2 ||    53
       Finesse           |       |       |       |     1 |     4 |     2 |     2 |     1 |     2 ||    12
       Summon Divine War |       |       |       |       |       |       |       |       |     8 ||     8
       Divine Shield     |       |       |       |       |       |       |       |       |     5 ||     5
       Cleansing Flame   |       |       |       |       |       |       |       |       |     5 ||     5
       Brand Weapon With |       |       |       |       |       |       |       |       |     1 ||     1
       Renounce Religion |       |       |       |       |       |       |       |       |     1 ||     1
 Abil: Dig               |       |       |       |       |     3 |    15 |    53 |    10 |     7 ||    88
       Shaft Self        |       |       |       |       |     1 |       |       |     1 |       ||     2
Evoke: Wand              |       |       |       |       |     1 |    16 |     2 |       |     1 ||    20
  Use: Scroll            |     2 |     5 |     7 |    12 |     8 |       |     3 |    11 |    40 ||    88
       Potion            |       |     1 |       |     1 |     3 |     4 |     1 |     2 |    26 ||    38
 Stab: Petrified         |       |       |       |       |     4 |       |       |       |       ||     4
       Confused          |       |       |       |       |       |     1 |       |       |       ||     1
       Distracted        |       |       |       |       |       |       |       |     1 |     1 ||     2
       Held in net/web   |       |       |       |       |       |       |       |       |     4 ||     4
       Invisible         |       |       |       |       |       |       |       |       |    30 ||    30
  Eat: Chunk             |       |     8 |    10 |    28 |    47 |    33 |    30 |    27 |    63 ||   246
       Ration            |       |       |     1 |     1 |     1 |     6 |     6 |     3 |    30 ||    48
Armor: Scale mail        |    47 |    88 |    30 |       |       |       |       |       |       ||   165
       Plate armour      |       |       |   249 |   289 |   349 |       |       |       |       ||   887
       Gold dragon scale |       |       |       |       |   216 |  1015 |   586 |   692 |  2306 ||  4815
Dodge: Dodged            |    61 |    54 |    86 |   137 |   197 |   213 |   132 |   171 |   683 ||  1734
       Deflected         |       |       |       |       |     3 |       |       |       |       ||     3
Block: Shield            |    82 |    88 |   145 |       |       |       |       |       |       ||   315
       Large shield      |       |       |   194 |   783 |  1209 |  1515 |   950 |  1255 |  7868 || 13774
       Reflection        |       |       |       |       |       |       |       |       |    94 ||    94
       Rpst.: Scimitar   |       |       |     2 |     1 |       |       |       |       |       ||     3
